 Dungeon Crawl Stone Soup version 0.32-a0-656-g3542139ebd (webtiles) character file.

Game seed: 617179422888335193

100 ytrimaz the Changeling (level 4, -1/34 HPs)
             Began as a Demigod Shapeshifter on Mar 8, 2024.
             Splashed by a jelly's acid (5 damage)
             ... on level 3 of the Dungeon.
             The game lasted 00:03:20 (1812 turns).

ytrimaz the Changeling (Demigod Shapeshifter)       Turns: 1812, Time: 00:03:21

Health: -1/34      AC: -2    Str: 15    XL:     4   Next: 23%
Magic:  6/6        EV: 13    Int: 12    God:
Gold:   142        SH:  0    Dex: 17    Spells: 3/3 levels left

rFire   . .          .
                       - Unarmed
rCold   . . .        (no shield)
rNeg    . . .        a - +0 animal skin
rPois   .            (helmet currently unavailable)
rElec   .            (cloak currently unavailable)
rCorr   .            (gloves currently unavailable)
SInv    .            (boots currently unavailable)
Will    .....        (no amulet)
Stlth   ++           (no ring)
HPRegen 0.25/turn    (no ring)
MPRegen 0.10/turn

%: no passive effects
@: beast-form, corroded
A: beast (slay +2), high MP 1, forlorn, divine attributes
a: Begin Untransformation


You were on level 3 of the Dungeon.
You were a hulking beast.
You visited 1 branch of the dungeon, and saw 3 of its levels.

You collected 142 gold pieces.


Innate Abilities, Weirdness & Mutations

You are a hulking beast.
Your limbs bulge with bestial killing power. (Slay +2)
You have an increased reservoir of magic. (+10% MP)
You shall have no god before yourself.
Your divine heritage dramatically boosts your attributes as you level up.


   Skills:
 - Level 0.8 Fighting
 + Level 2.7 Dodging
 + Level 3.4 Unarmed Combat
 * Level 3.5 Shapeshifting


You had 3 spell levels left.
You didn't know any spells.
Your spell library contained the following spells:

 Spells                   Type           Power      Damage    Failure   Level
 Sculpt Simulacrum        Ice/Alch       0%         N/A       100%        6
 Ozocubu's Refrigeration  Ice            0%         4d7       100%        7
 Polar Vortex             Ice            0%         N/A       100%        9

Inventory:

Armour
 a - a +0 animal skin (worn)
Talismans
 c - a beast talisman (active)
 d - a flux talisman
Scrolls
 h - 3 scrolls of teleportation
 i - a scroll of fog {unknown}
 j - a scroll of torment {unknown}
 k - a scroll of revelation {unknown}
 l - 2 scrolls of fear {unknown}
 m - a scroll of vulnerability {unknown}
 n - a scroll of blinking {unknown}
 o - 2 scrolls of immolation {unknown}
 p - 3 scrolls of amnesia
Potions
 b - a potion of curing {unknown}
 g - 2 potions of heal wounds

Dungeon Overview and Level Annotations

Branches:
Dungeon (3/15) Zot: 16181

Shops:
D:1

? ..#+#...###. #.#.#
............ #.#.#
##†#.#.#.#####.#.#
##...............#
##...#.#.############
##..#......##..###..#
##..##.#.#.#.#..#..#
.........#..#..#..#
.......#####..#.h#
######## ##...#J..#
#########


You could see a jelly.


Message History

A rat is nearby!
You punch the rat!
You kill the rat!
No target in view!
A kobold comes into view. It is wielding a +0 whip.
Things that are here:
a scroll labelled DYJOMIANKA; a rat corpse 😕 HP[+1] Unknown command.
A bat comes into view.
A frilled lizard comes into view.
There are monsters nearby!
There are monsters nearby!
The bat closely misses you.
The kobold hits you with a +0 whip. 😕 HP[-5]
You take 5 damage, and now have 28/34 hp.
The frilled lizard hisses angrily.
The bat hits you but does no damage. The kobold hits you with a +0 whip.
You hit the kobold.
You kill the kobold!
The bat hits you but does no damage.
Things that are here:
a +0 whip; a kobold corpse You hit the bat but do no damage.
Your punch misses the bat. The bat hits you but does no damage. x2
The bat hits you. x2 😕 HP[-1]
You take 1 damage, and now have 27/34 hp.
You closely miss the frilled lizard. The bat barely misses you.
The frilled lizard barely misses you.
You barely miss the frilled lizard. The bat hits you but does no damage.
The frilled lizard closely misses you.
You completely miss the frilled lizard. The frilled lizard misses you.
You hit the frilled lizard.
You kill the frilled lizard!
The bat closely misses you. 😕 HP[+1]
The bat hits you.
You see here a frilled lizard corpse. 😕 HP[-1]
You take 1 damage, and now have 27/34 hp.
You hit the bat.
You kill the bat!
No target in view!
A quokka comes into view. 😎 HP[+7]
Your hp is fully restored (34).
A quokka is nearby!
A quokka is nearby!
There is an escape hatch in the ceiling here.
A frilled lizard comes into view.
You see here a fuming white potion.
An endoplasm comes into view.
The quokka bites you. The quokka closely misses you. 😕 HP[-2]
You take 2 damage, and now have 32/34 hp.
You miss the quokka. You punch the quokka, but do no damage.
The quokka misses you.
You hit the quokka.
You kill the quokka!
You see here a quokka corpse. 😕 HP[+1]
An endoplasm is nearby! 😎 HP[+1]
Your hp is fully restored (34).
The helpless endoplasm fails to defend itself.
You punch the endoplasm!
You kill the endoplasm!
The frilled lizard hisses angrily.
Unknown command.
A frilled lizard is nearby!
You hit the frilled lizard.
You kill the frilled lizard!
Unknown command.
No target in view!
b - a fuming white potion
o - 2 scrolls labelled DYJOMIANKA (gained 1)
You see here a rat corpse.
You now have 142 gold pieces (gained 8).
A jelly comes into view.
A jelly is nearby!
A jelly is nearby!
A jelly is nearby!
The jelly quivers.
The jelly hits you.
You are splashed with acid! 😮 HP[-9]
You take 9 damage, and now have 25/34 hp.
MASSIVE DAMAGE!! (PAUSE)
You hit the jelly.
Your hands burn!
The jelly hits you.
You are splashed with acid!
* * * LOW HITPOINT WARNING * * *
😱 HP[-17]
You take 17 damage, and now have 8/34 hp.
MASSIVE DAMAGE!! (PAUSE)
You hit the jelly. The acid corrodes you!
Your hands burn!
* * * LOW HITPOINT WARNING * * *
The jelly closely misses you. 😱 HP[-4]
You take 4 damage, and now have 4/34 hp.
You hit the jelly.
Your hands burn!
You die...

Skill      XL: |  1  2 |
---------------+-------+-----
Dodging        | 2 |  2.7
Unarmed Combat | 3 |  3.4
Shapeshifting  | 3 |  3.5
Fighting       | |  0.8

Action                     |  1- 3 |  4- 6 || total
---------------------------+-------+-------++-------
  Melee: Unarmed           |   102 |    26 ||   128
         Punch             |     2 |     1 ||     3
    Use: Scroll            |     1 |     2 ||     3
         Potion            |     3 |       ||     3
   Stab: Sleeping          |     3 |     1 ||     4
 Armour: Animal skin       |    47 |    15 ||    62
         Skin              |    20 |     2 ||    22
  Dodge: Dodged            |    72 |    17 ||    89

Levels and vault maps discovered:
D:1:      onia_arrival_mini_spirals, layout_rooms, serial_shops, shop,
          grunt_decor_one_mirror
D:2:      layout_basic, serial_park_tiny_2, interstate_on_off,
          serial_bayou_lake_a
D:3:      layout_loops_ring, okawaru_trees_2, nicolae_qazlal_style_of_elements,
          general_overflow_altar, marbit_many_paths, serial_shops,
          nicolae_shop_real_fake_doors

Notes
Turn   | Place    | Note
-------+----------+-------------------------------------------
     0 | D:1      | ytrimaz the Demigod Shapeshifter began the quest for the
                  | Orb.
     0 | D:1      | Reached XP level 1. HP: 15/15 MP: 3/3
     0 | D:1      | magus.rc [v1.9.6]
    34 | D:1      | Found Hyphupt's Magic Scroll Boutique.
    80 | D:1      | Reached skill level 2 in Dodging
   161 | D:1      | Reached XP level 2. HP: 22/22 MP: 4/4
   268 | D:1      | Reached skill level 3 in Unarmed Combat
   603 | D:2      | Reached skill level 3 in Shapeshifting
   813 | D:2      | Reached XP level 3. HP: 25/27 MP: 5/5
  1422 | D:3      | HP: 5/27 [something/magic dart (8)]
  1423 | D:3      | HP: 1/27 [orc/+0 whip (5)]
  1438 | D:3      | Reached XP level 4. HP: 20/34 MP: 6/6
  1655 | D:3      | You pick up a book of Ice and begin reading...
  1655 | D:3      | You add the spells Sculpt Simulacrum, Ozocubu's
                  | Refrigeration and Polar Vortex to your library.
  1810 | D:3      | HP: 8/34 [acid (10)]
  1812 | D:3      | Splashed by a jelly's acid

Vanquished Creatures
  An orc wizard (D:3)
  2 adders
  A dart slug (D:1)
  A ribbon worm (D:2)
  5 orcs (D:3)
  7 bats
  6 endoplasms
  2 giant cockroaches
  4 goblins
  A hobgoblin (D:1)
  A quokka (D:3)
  5 ball pythons
  2 frilled lizards (D:3)
  6 kobolds
  7 rats
51 creatures vanquished.

Table legend:
 A = Non-vault XP
 B = Vault XP
 C = Vault XP percentage of total XP
 D = Non-vault monster count
 E = Vault monster count
 F = Vault count percentage of total count
                 A         B        C        D         E       F
            +---------+---------+-------+---------+---------+-------
      Total |     143 |       0 |   0.0 |      51 |       0 |   0.0
            +---------+---------+-------+---------+---------+-------
        D:1 |      26 |       0 |   0.0 |      15 |       0 |   0.0
        D:2 |      29 |       0 |   0.0 |      10 |       0 |   0.0
        D:3 |      88 |       0 |   0.0 |      26 |       0 |   0.0
            +---------+---------+-------+---------+---------+-------

Skill      XL: |  1  2 |
---------------+-------+-----
Dodging        | 2 |  2.7
Unarmed Combat | 3 |  3.4
Shapeshifting  | 3 |  3.5
Fighting       | |  0.8

Action                     |  1- 3 |  4- 6 || total
---------------------------+-------+-------++-------
  Melee: Unarmed           |   102 |    26 ||   128
         Punch             |     2 |     1 ||     3
    Use: Scroll            |     1 |     2 ||     3
         Potion            |     3 |       ||     3
   Stab: Sleeping          |     3 |     1 ||     4
 Armour: Animal skin       |    47 |    15 ||    62
         Skin              |    20 |     2 ||    22
  Dodge: Dodged            |    72 |    17 ||    89

Illustrated notes

Table legend:
 A = Kills in this place as a percentage of kills in the entire game.
 B = Kills by you in this place as a percentage of kills by you in the entire game.
 C = Kills by friends in this place as a percentage of kills by friends in the entire game.
 D = Other kills in this place as a percentage of other kills in the entire game.
 E = Experience gained in this place as a percentage of experience gained in the entire game.
 F = Experience gained in this place divided by the number of levels of this place that you have seen.
                   A       B       C       D       E      F
               +-------+-------+-------+-------+-------+----------------------
         Total | 100.0 | 100.0 |   N/A |   N/A | 100.0 |  47.7
       Dungeon | 100.0 | 100.0 |   N/A |   N/A | 100.0 |  47.7
               +-------+-------+-------+-------+-------+----------------------

Table legend: (Time is in decaauts)
 A = Elapsed time spent in this place.
 B = Non-inter-level travel time spent in this place.
 C = Inter-level travel time spent in this place.
 D = Time resting spent in this place.
 E = Time spent auto-exploring this place.
 F = Levels seen in this place.
 G = Mean time per level.
                   A        B        C        D        E       F      G
               +--------+--------+--------+--------+--------+-----+--------+
         Total |   1819 |   1781 |     38 |      0 |   1429 |   3 |  606.3 |
       Dungeon |   1819 |   1781 |     38 |      0 |   1429 |   3 |  606.3 |
               +--------+--------+--------+--------+--------+-----+--------+

Top non-repeatable levels by time:
     D:2: 821 daAuts
     D:3: 538 daAuts
     D:1: 459 daAuts
